 Dungeon Crawl Stone Soup version 0.30-a0-222-ge547ba4400 (webtiles) character file.

Game seed: 1728508509674827948

50 Aibolit the Trooper (level 3, 0/33 HPs)
             Began as a Hill Orc Fighter on Oct 8, 2022.
             Slain by Jessica
             ... wielding a +0 dagger
              (5 damage)
             ... on level 2 of the Dungeon.
             The game lasted 00:01:19 (1039 turns).

Aibolit the Trooper (Hill Orc Fighter)              Turns: 1039, Time: 00:01:20

Health: 0/33       AC:  7    Str: 20    XL:     3   Next: 79%
Magic:  3/3        EV:  9    Int:  8    God:
Gold:   87         SH:  4    Dex: 10    Spells: 2/2 levels left

rFire   . . .      SeeInvis .    a - +0 war axe
rCold   . . .      Faith    .    c - +0 buckler
rNeg    . . .      Spirit   .    b - +0 scale mail
rPois   .          Reflect  .    (no helmet)
rElec   .          Harm     .    (no cloak)
rCorr   .          Rampage  .    (no gloves)
Will    .....                    (no boots)
Stlth   ..........               (no amulet)
HPRegen 0.25/turn                (no ring)
MPRegen 0.08/turn                (no ring)

@: mighty
A: no striking features
a: no special abilities


You were on level 2 of the Dungeon.
You visited 1 branch of the dungeon, and saw 2 of its levels.

You collected 87 gold pieces.

Inventory:

Hand Weapons
 a - a +0 war axe (weapon)
Armour
 b - a +0 scale mail (worn)
 c - a +0 buckler (worn)
Jewellery
 i - a ring of ice
Scrolls
 f - a scroll of poison {unknown}
 g - 3 scrolls of teleportation {unknown}
 k - a scroll of immolation {unknown}
 l - a scroll of amnesia {unknown}
Potions
 e - a potion of curing {unknown}
 h - a potion of resistance {unknown}
 j - a potion of cancellation {unknown}
 m - a potion of haste {unknown}


   Skills:
 + Level 4.0 Fighting
 + Level 4.0 Axes
 + Level 3.7 Armour
 + Level 3.7 Shields


You had 2 spell levels left.
You didn't know any spells.
Your spell library was empty.

Dungeon Overview and Level Annotations

Branches:
Dungeon (2/15)

Altars:

Shops:
D:1 ?

Annotations:
D:2 Jessica


Message History

Jessica the Apprentice Sorceress comes into view.
She is wielding a +0 dagger.
Jessica shouts!
Jessica gestures wildly while chanting.
Jessica blinks!
A hobgoblin is nearby!
The hobgoblin barely misses you.
There are monsters nearby!
You slash the hobgoblin!
You kill the hobgoblin!
A kobold comes into view. It is wielding a +0 spear.
There are monsters nearby!
The kobold shouts!
You closely miss Jessica. Jessica hits you but does no damage.
There are monsters nearby!
You closely miss Jessica. Jessica hits you with a +0 dagger.
There are monsters nearby!
You closely miss Jessica. Jessica closely misses you.
You block the kobold's attack. Jessica hits you with a +0 dagger.
There are monsters nearby!
You closely miss Jessica.
The kobold hits you from afar with a +0 spear.
Jessica gestures at you while chanting. Pain shoots through your body!
You are too injured to fight recklessly!
There are monsters nearby!
You are too injured to fight recklessly!
There are monsters nearby!
Unknown command.
You feel very mighty all of a sudden. Jessica hits you but does no damage.
The kobold hits you but does no damage.
You barely miss Jessica.
The kobold hits you from afar with a +0 spear.
Jessica hits you with a +0 dagger.
* * * LOW HITPOINT WARNING * * *
You closely miss Jessica. Jessica closely misses you.
The kobold hits you from afar with a +0 spear.
* * * LOW HITPOINT WARNING * * *
You block the kobold's attack. Jessica hits you but does no damage.
You closely miss Jessica. Jessica hits you with a +0 dagger.
You die...

#.#.#.#######
#.# #.....#
#.# #.#.###
#.#
#<#.######
#.# #...>..#
.#.## #
#..###.# ..
#.#..# .. ##
#....#.#.#
#.###@....# #
#@#.### #K>.#
.#..# # ..#
..# ... ..##


You could see Jessica and a kobold.

Vanquished Creatures
  An adder (D:2)
  7 endoplasms
  2 giant cockroaches (D:1)
  4 goblins
  2 hobgoblins (D:2)
  3 kobolds
  2 quokkas
  4 ball pythons
  6 bats
  7 rats
38 creatures vanquished.

Notes
Turn   | Place    | Note
-------+----------+-------------------------------------------
     0 | D:1      | Aibolit the Hill Orc Fighter began the quest for the Orb.
     0 | D:1      | Reached XP level 1. HP: 19/19 MP: 1/1
   152 | D:1      | Reached XP level 2. HP: 27/27 MP: 2/2
   260 | D:1      | Found Mogel's Magic Scroll Shoppe.
   332 | D:1      | Found a faded altar of an unknown god.
   536 | D:2      | Reached XP level 3. HP: 32/33 MP: 3/3
  1026 | D:2      | Noticed Jessica
  1039 | D:2      | Slain by Jessica

Illustrated notes

Levels and vault maps discovered:
D:1:      eino_arrival_cavern_b, layout_basic,
          hellmonk_ecumenical_altar_leap_of_faith, serial_shops,
          nicolae_shop_hallway_stairs, nrook_mini_backslash
D:2:      minmay_thinvault, layout_loops_ring, basic_altar, minivault_14,
          uniq_jessica

Skill      XL: |  1  2  3 |
---------------+----------+-----
Axes           | 3 4 |  4.0
Fighting       | 4 |  4.0
Armour         | |  3.7
Shields        | |  3.7

Action                   || total
-------------------------++-------
Melee: War axe           ||   106
  Use: Potion            ||     1
Armor: Scale mail        ||    47
Dodge: Dodged            ||    48
Block: Buckler           ||    26

Table legend: (Time is in decaauts)
 A = Elapsed time spent in this place.
 B = Non-inter-level travel time spent in this place.
 C = Inter-level travel time spent in this place.
 D = Time resting spent in this place.
 E = Time spent auto-exploring this place.
 F = Levels seen in this place.
 G = Mean time per level.
                   A        B        C        D        E       F      G
               +--------+--------+--------+--------+--------+-----+--------+
         Total |   1079 |   1062 |     17 |      0 |    795 |   2 |  539.5 |
       Dungeon |   1079 |   1062 |     17 |      0 |    795 |   2 |  539.5 |
               +--------+--------+--------+--------+--------+-----+--------+

Top non-repeatable levels by time:
     D:2: 557 daAuts
     D:1: 521 daAuts
